 Dungeon Crawl Stone Soup version bcrawl-1.27.6 (webtiles) character file.

Game seed: 6271042903542415271

126489 Faustar the Conjurer (level 4, -2/33 HPs)
             Began as a Draconian Conjurer on Sept 21, 2020.
             Slain by a sky beast (6 damage)
             ... on level 3 of the Dungeon.
             The game lasted 00:03:59 (1857 turns).

Faustar the Conjurer (Draconian Conjurer)           Turns: 1857, Time: 00:03:59

Health: -2/33      AC:  5    Str: 10    XL:     4   Next: 19%
Magic:  1/8        EV: 12    Int: 17    God:
Gold:   69         SH:  0    Dex: 11    Spells: 6/9 levels left

rFire    . . .     SeeInvis .   h - +3 short sword (flame)
rCold    . . .     Gourm    .   (no shield)
rNeg     . . .     Faith    .   (armour unavailable)
rPois    .         Spirit   .   (helmet restricted)
rElec    .         Reflect  .   (no cloak)
rCorr    .         Harm     .   (no gloves)
MR       .....                  (no boots)
Stlth    ++........             (no amulet)
HPRegen  0.11/turn              (no ring)
MPRegen  0.11/turn              (no ring)

@: no status effects
A: unfitting armour, cold-blooded, AC +5
a: no special abilities


You were on level 3 of the Dungeon.
You were not hungry.

You visited 1 branch of the dungeon, and saw 3 of its levels.

You collected 69 gold pieces.

Inventory:

Hand Weapons
 h - a +3 short sword of flaming (weapon)
Jewellery
 i - the ring "Socsuome" {Fire *Drain rPois rN+, unknown}
   (You found it on level 2 of the Dungeon)

   [ring of fire]

   It enhances your fire magic.
   It protects you from fire.
   It makes you vulnerable to cold.
   It protects you from poison.
   It protects you from negative energy.
   It causes draining when unequipped.
 l - the ring "Cengas" {Fire *Corrode Int+5}
   (You took it off a goblin on level 2 of the Dungeon)

   [ring of fire]

   It enhances your fire magic.
   It affects your intelligence (+5).
   It protects you from fire.
   It makes you vulnerable to cold.
   It may corrode you when you take damage.
Scrolls
 a - a scroll of fear {unknown}
 c - a scroll of enchant armour {unknown}
 d - 2 scrolls of identify
 f - a scroll of noise {unknown}
 j - 2 scrolls of remove curse {unknown}
 k - a scroll of amnesia {unknown}
 n - a scroll of enchant weapon {unknown}
 o - a scroll of blinking {unknown}
Potions
 b - a potion of magic
 g - 3 potions of curing {unknown}
 m - a potion of flight {unknown}
Comestibles
 e - 4 rations {!d}


   Skills:
 - Level 1.7 Dodging
 - Level 2.0 Stealth
 + Level 3.2 Spellcasting
 + Level 4.9 Conjurations


You had 6 spell levels left.
You knew the following spells:

 Your Spells              Type           Power        Failure   Level  Hunger
a - Magic Dart            Conj           ###.         2%          1    None
b - Searing Ray           Conj           ###.....     3%          2    #......

Your spell library contained the following spells:

 Spells                   Type           Power        Failure   Level  Hunger
 Iskenderun's Mystic Bla  Conj           ###.....     7%          3    ####...
 Fulminant Prism          Conj/Hex       ##........   52%         4    #####..
 Irradiate                Conj/Tmut      ##........   86%         5    ######.


Dungeon Overview and Level Annotations

Branches:
Dungeon (3/12)

Altars:
Gozag


Innate Abilities, Weirdness & Mutations

Your plain brown scales are hard. (AC +5)
You cannot fit into any form of body armour.
You are cold-blooded and may be slowed by cold attacks.


Message History

The searing ray misses the sky beast. (Press . to maintain the ray.)
The sky beast hits you but does no damage.
The searing ray hits the sky beast.
The sky beast is lightly wounded.
The sky beast hits you but does no damage.
The searing ray misses the sky beast.
The sky beast hits you. The sky beast shocks you.
The searing ray hits the sky beast!
The sky beast is heavily wounded.
The sky beast hits you but does no damage.
The searing ray hits the sky beast!
The sky beast is severely wounded.
The sky beast hits you. The sky beast shocks you.
* * * LOW HITPOINT WARNING * * *
Without enough magic to sustain it, your searing ray dissipates.
The sky beast hits you.
* * * LOW HITPOINT WARNING * * *
The sky beast shocks you.
You die...

#(##########
#.....†..Y@#
##########<#
#.# #.# #.#
#.. ###


You could see a sky beast.

Vanquished Creatures
  A hound (D:2)
  A worm (D:1)
  2 dart slugs (D:1)
  2 leopard geckos (D:2)
  3 ball pythons
  2 giant cockroaches
  5 goblins
  7 hobgoblins
  7 kobolds
  A quokka (D:3)
  3 bats
  A frilled lizard (D:2)
  6 rats
41 creatures vanquished.

Notes
Turn   | Place    | Note
-------+----------+-------------------------------------------
     0 | D:1      | Faustar the Draconian Conjurer began the quest for the Orb.
     0 | D:1      | Reached XP level 1. HP: 14/14 MP: 3/3
   100 | D:1      | Reached XP level 2. HP: 13/20 MP: 0/5
   487 | D:1      | Learned a level 2 spell: Searing Ray
  1002 | D:2      | Got a heavily runed steel ring
  1047 | D:2      | Reached XP level 3. HP: 26/26 MP: 7/7
  1117 | D:2      | Found a faded altar of an unknown god.
  1333 | D:2      | Found an opulent altar of Gozag.
  1448 | D:2      | Reached XP level 4. HP: 30/33 MP: 8/8
  1450 | D:2      | Identified the ring "Cengas" {Fire *Corrode Int+5}
  1805 | D:3      | Noticed a sky beast
  1857 | D:3      | Slain by a sky beast

Skill      XL: |  1  2  3 |
---------------+----------+-----
Spellcasting   | 3 |  3.2
Dodging        | |  1.7
Stealth        | |  2.0
Conjurations   | |  4.9

Action                   |  1- 3 |  4- 6 || total
-------------------------+-------+-------++-------
Melee: Unarmed           |    59 |       ||    59
       Tailslap          |    14 |     1 ||    15
       Short sword       |    48 |    23 ||    71
 Cast: Magic Dart        |    23 |       ||    23
       Searing Ray       |     1 |     3 ||     4
 Stab: Sleeping          |     3 |       ||     3
  Eat: Chunk             |     5 |     2 ||     7
Armor: Skin              |    22 |    13 ||    35
Dodge: Dodged            |    62 |    17 ||    79
